 Dungeon Crawl Stone Soup version 0.22-a0-407-gb098539 (webtiles) character file.

99 KristoblXynda the Ruffian (level 4, 0/39 HPs)
             Began as a Troll Wizard on May 9, 2018.
             Slain by an adder (1 damage)
             ... on level 3 of the Dungeon.
             The game lasted 00:04:01 (1363 turns).

KristoblXynda the Ruffian (Troll Wizard)            Turns: 1363, Time: 00:04:02

Health: 0/39       AC:  5    Str: 15    XL:     4   Next: 45%
Magic:  6/6        EV:  9    Int: 20    God:
Gold:   81         SH:  0    Dex:  8    Spells: 6/7 levels left

rFire    . . .     SeeInvis .     - Unarmed
rCold    . . .     Gourm    +   (no shield)
rNeg     . . .     Faith    .   a - +0 robe
rPois    .         Spirit   .   b - +0 hat
rElec    .         Reflect  .   (no cloak)
rCorr    .         Harm     .   (gloves unavailable)
MR       .....                  (boots unavailable)
Stlth    +.........             h - amulet of rage
HPRegen  0.53/turn              (no ring)
MPRegen  0.10/turn              (no ring)

@: brilliant, lethally poisoned (0 -> 0), slowed, drained, very slow
A: large, unfitting armour, claws 3, fast metabolism 3, gourmand, regeneration
1, shaggy fur 1, tough skin 2
a: Evoke Berserk Rage


You were on level 3 of the Dungeon.
You were completely stuffed.

You visited 1 branch of the dungeon, and saw 3 of its levels.

You collected 81 gold pieces.

Inventory:

Hand Weapons
 f - a +0 whip of draining
Armour
 a - a +0 robe (worn)
 b - a +0 hat (worn)
Jewellery
 h - an amulet of rage (around neck)
Scrolls
 e - 4 scrolls of identify {unknown}
 i - a scroll of magic mapping {unknown}
 j - a scroll of fog {unknown}
 m - 2 scrolls of teleportation {unknown}
Potions
 c - a potion of brilliance
 g - a potion of heal wounds {unknown}
 k - 2 potions of curing {unknown}
 n - 2 potions of flight {unknown}
 o - a potion of haste {unknown}
Comestibles
 d - 5 rations
 l - 5 chunks of flesh


   Skills:
 - Level 1.5(1.3) Dodging
 - Level 1.0(0.8) Stealth
 * Level 2.8(2.6) Unarmed Combat
 - Level 2.0(1.8) Spellcasting
 * Level 2.2(2.0) Conjurations
   Level 0.6(0.4) Summonings
   Level 0.6(0.4) Translocations


You had 6 spell levels left.
You knew the following spells:

 Your Spells              Type           Power        Failure   Level  Hunger
a - Magic Dart            Conj           ###.         1%          1    #......


Dungeon Overview and Level Annotations

Branches:
Dungeon (3/15)

Altars:
Hepliaklqana


Innate Abilities, Weirdness & Mutations

You are too large for most types of armour.
You have claws for hands.
Your metabolism is lightning-fast.
You like to eat raw meat.
Your natural rate of healing is unusually fast.
You are covered in fur. (AC +1)
You have very tough skin. (AC +2)


Message History

The adder poisons you!
You barely miss the adder.
The adder is almost dead.
You feel sick. The adder bites you but does no damage. The adder bites you.
* * * LOW HITPOINT WARNING * * *
You are more poisoned.
The adder poisons you!
Unknown command.
You feel sick. The adder bites you.
* * * LOW HITPOINT WARNING * * *
It was a potion of brilliance.
You feel clever all of a sudden.
You feel sick.
The orc wizard hits you but does no damage.
The adder misses you.
The orc wizard gestures at you while chanting.
The magic dart hits you!
* * * LOW HITPOINT WARNING * * *
The adder bites you.
You die...

### #$.. ..## ....
...# # #..#
##..########. ###
#..# .....<..... ....
o.# #..# #.#..#
###..###.# ##..#
#.#..
..w..)<.$###...#
#.#.#
#.(...woS@o..###.#.#
#..#.#####.#.......#
# #..........†.)#.#
...........####[#####
########.##.# #.....#
#.##.# #.....##
#.#... #......#
#..#.#. ##.#...##
#.## ##......


You could see a worm, an orc wizard, an adder and an orc.

Vanquished Creatures
  2 adders
  An ooze (D:2)
  4 worms (D:2)
  3 leopard geckos
  An orc (D:3)
  A ball python (D:1)
  6 bats
  6 goblins
  15 hobgoblins
  2 jackals (D:1)
  A quokka (D:3)
  3 frilled lizards
  6 kobolds
  5 rats
56 creatures vanquished.

Notes
Turn   | Place    | Note
-------+----------+-------------------------------------------
     0 | D:1      | KristoblXynda the Troll Wizard began the quest for the Orb.
     0 | D:1      | Reached XP level 1. HP: 16/16 MP: 2/2
    72 | D:1      | Reached skill level 1 in Conjurations
    80 | D:1      | Reached skill level 1 in Unarmed Combat
    85 | D:1      | Reached XP level 2. HP: 21/24 MP: 4/4
   573 | D:2      | Reached XP level 3. HP: 29/31 MP: 5/5
   829 | D:2      | Found a hazy altar of Hepliaklqana.
   860 | D:2      | Reached XP level 4. HP: 24/39 MP: 6/6
  1363 | D:3      | HP: 1/39 [orc wizard/magic dart (2)]
  1363 | D:3      | Slain by an adder

Vault maps used:
D:1:      ncdulo_wetmaze, minmay_tree_intersection, minmay_close_crescents
D:2:      overflow_temple_1_default
D:3:      nicolae_tso_swordbearing_angel, lemuel_crystal_altar, tgw_fedhas

Skill      XL: |  1  2  3 |
---------------+----------+-----
Conjurations   | 1 2 |  2.2
Unarmed Combat | 1 2 |  2.8
Dodging        | |  1.5
Stealth        | |  1.0
Spellcasting   | |  2.0
Summonings     | |  0.6
Translocations | |  0.6

Action                   |  1- 3 |  4- 6 || total
-------------------------+-------+-------++-------
Melee: Unarmed           |   149 |    58 ||   207
       Punch             |     1 |       ||     1
  Use: Potion            |       |     1 ||     1
 Stab: Sleeping          |       |     1 ||     1
  Eat: Chunk             |    13 |     5 ||    18
Armor: Robe              |    53 |    20 ||    73
Dodge: Dodged            |    81 |    17 ||    98

Table legend:
 A = Spawn XP
 B = Non-spawn XP
 C = Spawn XP percentage of total XP
 D = Spawn monster count
 E = Non-spawn monster count
 F = Spawn count percentage of total count
 G = Total turns spent on level
                    A         B        C        D         E        F      G
               +---------+---------+-------+---------+---------+-------+---------
         Total |       0 |     142 |   0.0 |       0 |      56 |   0.0 |  1363
               +---------+---------+-------+---------+---------+-------+---------
           D:1 |       0 |      36 |   0.0 |       0 |      19 |   0.0 |   542
           D:2 |       0 |      71 |   0.0 |       0 |      24 |   0.0 |   585
           D:3 |       0 |      35 |   0.0 |       0 |      13 |   0.0 |   236
               +---------+---------+-------+---------+---------+-------+---------
